 Dungeon Crawl Stone Soup version 0.25.1-2-g60ff931df9 (webtiles) character file.

Game seed: 11931717274132921021

26525 Chiseanne the Eclecticist (level 12, -8/94 HPs)
             Began as a Mummy Wizard on Sept 22, 2020.
             Was an Initiate of Gozag.
             Mangled by an orc warlord
             ... wielding a +0 glaive of pain
              (26 damage)
             ... on level 2 of the Orcish Mines on Sept 27, 2020.
             The game lasted 01:45:48 (21315 turns).

Chiseanne the Eclecticist (Mummy Wizard)           Turns: 21315, Time: 01:45:49

Health: -8/94      AC: 11    Str: 13    XL:     12   Next: 99%
Magic:  3/31       EV: 11    Int: 26    God:    Gozag
Gold:   1172       SH: 12    Dex: 10    Spells: 23/41 levels left

rFire    . . .     SeeInvis .   a - +4 short sword of the Briny Deep {elec, rElec rN+}
rCold    + . .     Gourm    .   o - +1 buckler
rNeg     + + +     Faith    .   i - +3 leather armour {rF+}
rPois    ∞         Spirit   .   q - +2 hat
rElec    +         Reflect  +   (no cloak)
rCorr    +         Harm     .   x - +0 pair of gloves
MR       ++...                  G - +1 pair of boots {Stlth+}
Stlth    ++........             t - amulet of reflection
HPRegen  0.25/turn              n - ring of wizardry
MPRegen  0.22/turn              D - ring of Atheism {MR+ rCorr Str+2 Int+4}

@: about to teleport
A: no food or potions, fire vulnerability, cold resistance 1, negative energy
resistance 3, torment resistance, unbreathing
a: Potion Petition, Call Merchant, Bribe Branch, Renounce Religion


You were on level 2 of the Orcish Mines.
You worshipped Gozag.
Gozag was most pleased with you.
You were not hungry.

You visited 2 branches of the dungeon, and saw 14 of its levels.

You collected 3793 gold pieces.
You spent 1857 gold pieces at shops.
You paid 764 gold pieces to Gozag.

Inventory:

Hand Weapons
 a - the +4 short sword of the Briny Deep (weapon) {elec, rElec rN+}
   (You bought it in a shop on level 2 of the Orcish Mines)

   Occasionally, upon striking a foe, it will discharge some electrical energy
   and cause terrible harm.
   It insulates you from electricity.
   It protects you from negative energy.
 s - a +0 dagger of venom
 w - a +0 hunting sling
 z - a +6 mace
 B - a +2 broad axe of freezing
Missiles
 b - 2 boomerangs of dispersal
 c - 11 atropa-tipped darts
 d - 24 poisoned darts (quivered)
 e - 136 sling bullets
 k - 105 bolts
 r - a throwing net
 v - 28 boomerangs
 H - 3 silver boomerangs
Armour
 i - a +3 leather armour of fire resistance (worn)
 o - a +1 buckler (worn)
 q - a +2 hat (worn)
 x - a +0 pair of gloves (worn)
 G - a +1 pair of boots of stealth (worn)
Magical Staves
 f - an uncursed staff of energy
 h - an uncursed staff of fire
 u - an uncursed staff of cold
Jewellery
 n - a ring of wizardry (left hand)
 t - an amulet of reflection (around neck)
 D - the ring of Atheism (right hand) {MR+ rCorr Str+2 Int+4}
   (You found it on level 9 of the Dungeon)

   [ring of resist corrosion]

   It affects your strength (+2).
   It affects your intelligence (+4).
   It affects your resistance to hostile enchantments.
   It provides partial protection from all sources of acid and corrosion.
 F - an uncursed ring of flight
Wands
 l - a wand of flame (23)
Scrolls
 g - 7 scrolls of identify
 j - 8 scrolls of teleportation
 p - a scroll of amnesia
 y - a scroll of immolation
 A - 4 scrolls of remove curse
 E - a scroll of fog


   Skills:
 * Level 8.4 Fighting
 - Level 3.1 Armour
 - Level 1.5 Dodging
 - Level 1.5 Stealth
 * Level 9.7 Shields
 * Level 15.3 Spellcasting
 - Level 8.7 Conjurations
   Level 0.7 Summonings
 - Level 0.7 Translocations


You had 23 spell levels left.
You knew the following spells:

 Your Spells              Type           Power        Failure   Level  Hunger
a - Magic Dart            Conj           ####         1%          1    N/A
b - Blink                 Tloc           N/A          1%          2    N/A
c - Vampiric Draining     Necr           ###.......   4%          3    N/A
d - Mephitic Cloud        Conj/Pois/Air  #####...     1%          3    N/A
e - Frozen Ramparts       Ice            ###...       4%          3    N/A
f - Shroud of Golubria    Chrm/Tloc      ###...       1%          2    N/A
g - Hailstorm             Conj/Ice       #####...     2%          4    N/A

Your spell library contained the following spells:

 Spells                   Type           Power        Failure   Level  Hunger
 Animate Skeleton         Necr           N/A          1%          1    N/A
 Freeze                   Ice            ###.         1%          1    N/A
 Infusion                 Chrm           ###.         1%          1    N/A
 Pain                     Necr           ###.         1%          1    N/A
 Summon Small Mammal      Summ           ###.         1%          1    N/A
 Call Imp                 Summ           ###.....     1%          2    N/A
 Slow                     Hex            ###.....     1%          2    N/A
 Song of Slaying          Chrm           ###.....     1%          2    N/A
 Conjure Flame            Conj/Fire      #####...     1%          3    N/A
 Call Canine Familiar     Summ           ###.....     3%          3    N/A
 Summon Guardian Golem    Hex/Summ       ###.....     3%          3    N/A
 Ozocubu's Armour         Chrm/Ice       ###.....     4%          3    N/A
 Spectral Weapon          Hex/Chrm       ###.....     4%          3    N/A
 Summon Ice Beast         Ice/Summ       ###.....     12%         4    N/A
 Summon Lightning Spire   Summ/Air       ###.....     12%         4    N/A
 Animate Dead             Necr           N/A          13%         4    N/A
 Agony                    Necr           ###.....     34%         5    N/A

Dungeon Overview and Level Annotations

Branches:
Dungeon (12/15)            Temple (0/1) D:7            Lair (0/6) D:8
    Orc (2/2) D:10
    Elf: Orc:2

Altars:
Elyvilon
Gozag
Hepliaklqana
Kikubaaqudgha
Makhleb
Okawaru
Uskayaw
Beogh

Shops:
D:7 [   D:9 :   D:11 [   Orc:2 [(

Annotations:
D:6 Grinder
D:11 exclusion: 2 doors


Innate Abilities, Weirdness & Mutations

You do not eat or drink.
Your flesh is vulnerable to fire.
You are immune to poison.
Your flesh is cold resistant. (rC+)
You are immune to negative energy. (rN+++)
You are immune to unholy pain and torment.
You can survive without breathing.


Message History

The orc warlord is engulfed in noxious fumes.
Things that are here:
a +0 hand axe; a +4 chain mail of fire resistance The orc warlord hits you from afar with a +0 glaive of pain!!
* * * LOW HITPOINT WARNING * * *
Items here: )) [[ a +0 dagger; a +0 robe; a cursed -1 dagger; a +0 robe
There is an open door here.
Things that are here:
a +0 short sword; a +0 chain mail; a +0 hand axe Evoke which item? (* to show all) (? for menu, Esc to quit)
Okay, then.
As you read the scroll of fear, it crumbles to dust.
You assume a fearsome visage.
The orc warlord resists with some effort.
As you read the scroll of teleportation, it crumbles to dust.
You feel strangely unstable.
The orc warlord hits you from afar with a +0 glaive of pain!!
You die...
Your body crumbles into a pile of gold.

≈≈≈≈≈≈≈≈#≈#≈## #...#.##'###.###'#
##≈≈ #≈≈≈≈P###...#....#........
#≈≈≈ #≈≈≈...######....#.##'##..
#≈≈≈## ###≈..#.##.^#....#.#.))#..
≈≈≈≈≈### ##..####..'....(.#..%#..
≈≈≈≈≈≈≈# #♣...###..#.####.#####.#
≈#≈≈≈≈.♣##.....#####.#..#........
#≈≈≈≈≈.P##......####)'.)#.....###
#≈≈≈≈....#.....)@.o..#..#..⌠..#..
##≈#P.♣.........####.####.....#..
###♣............###..........#..
###.............#.####.#####.###
##.............#....# #.#..%#....
.#........#...^#....###.#.).#.#..
...............##..#.##.##'##.#..
.........#.....##..####....[..#.[
#.......##....##.### ##'###.###'#


You could see an orc warlord (very poisoned).

Vanquished Creatures
  An orc warlord (Orc:1)
  A hydra (D:11)
  4 two-headed ogres
  2 centaur warriors (D:9)
  A death knight (D:9)
  An unseen horror (D:10)
  6 orc knights
  An ugly thing (D:11)
  4 orc sorcerers
  Psyche (D:12)
  A komodo dragon (D:7)
  6 trolls
  A hornet (D:7)
  A hippogriff (D:6)
  Sigmund (D:3)
  A vampire (D:10)
  A wraith (D:9)
  8 yaks
  A shadow (D:11)
  A steam dragon (D:9)
  2 hungry ghosts
  5 wargs
  2 soldier ants (D:8)
  2 water moccasins (D:11)
  A hornet zombie (D:6)
  3 black bears
  37 orc warriors
  4 sky beasts
  4 phantoms
  17 ogres
  11 centaurs
  2 necrophages (D:9)
  2 big kobolds (D:10)
  5 bullfrogs
  A wyvern zombie (D:6)
  2 scorpions
  2 jellies
  11 killer bees
  5 wights (D:7)
  2 howler monkeys
  2 centaur zombies
  5 crimson imps
  10 orc priests
  3 hounds
  2 centaur skeletons
  4 bullfrog skeletons
  2 gnoll shamans
  4 iguanas
  17 orc wizards
  8 worker ants
  2 hound zombies
  2 worker ant zombies
  14 adders
  13 gnolls
  3 shadow imps
  An ooze (D:4)
  An adder zombie (D:6)
  An adder skeleton (D:9)
  5 worms
  A dart slug (D:1)
  6 leopard geckos
  89 orcs
  5 ball pythons
  4 giant cockroaches
  12 goblins
  8 hobgoblins
  21 jackals
  A quokka (D:6)
  8 bats
  4 frilled lizards
  9 kobolds
  A leopard gecko skeleton (D:6)
  2 rats
  A butterfly (D:7)
435 creatures vanquished.

Vanquished Creatures (collateral kills)
  An orc priest (D:11)
  A jackal (D:4)
2 creatures vanquished.

Vanquished Creatures (others)
  A jelly (D:6)
  A leopard gecko (D:6)
  An orc (D:10)
  A kobold (D:10)
  2 plants (D:8)
6 creatures vanquished.

Grand Total: 443 creatures vanquished

Notes
Turn   | Place    | Note
-------+----------+-------------------------------------------
     0 | D:1      | Chiseanne the Mummy Wizard began the quest for the Orb.
     0 | D:1      | Reached XP level 1. HP: 13/13 MP: 5/5
   103 | D:1      | Reached skill level 1 in Conjurations
   363 | D:1      | Reached XP level 2. HP: 19/19 MP: 5/7
   396 | D:1      | Learned a level 2 spell: Blink
   769 | D:2      | Reached XP level 3. HP: 24/24 MP: 1/9
   851 | D:2      | Learned a level 3 spell: Mephitic Cloud
  1352 | D:2      | Reached skill level 5 in Spellcasting
  2068 | D:3      | Reached XP level 4. HP: 30/30 MP: 8/11
  2589 | D:3      | Reached XP level 5. HP: 31/35 MP: 0/13
  2783 | D:3      | Noticed Sigmund
  2833 | D:3      | Reached skill level 6 in Spellcasting
  3042 | D:3      | Killed Sigmund
  3042 | D:3      | Reached XP level 6. HP: 41/41 MP: 4/15
  3362 | D:3      | Reached skill level 7 in Spellcasting
  3971 | D:4      | Reached XP level 7. HP: 44/46 MP: 13/17
  4432 | D:4      | Reached skill level 1 in Armour
  4714 | D:4      | Found a burning altar of Makhleb.
  4773 | D:5      | Entered Level 5 of the Dungeon
  4773 | D:5      | Found a hide-covered altar of Uskayaw.
  4828 | D:5      | Reached skill level 8 in Spellcasting
  5636 | D:6      | Reached skill level 5 in Conjurations
  5636 | D:6      | Reached XP level 8. HP: 52/52 MP: 16/20
  6107 | D:5      | Learned a level 1 spell: Animate Skeleton
  6432 | D:6      | Noticed Grinder
  6594 | D:6      | Reached skill level 9 in Spellcasting
  6602 | D:6      | Reached skill level 1 in Shields
  6618 | D:6      | Noticed a hippogriff
  6649 | D:6      | Killed a hippogriff
  7191 | D:6      | Found an ancient bone altar of Kikubaaqudgha.
  7193 | D:6      | Found a hazy altar of Hepliaklqana.
  7195 | D:6      | Found an opulent altar of Gozag.
  7199 | D:6      | Became a worshipper of Gozag Ym Sagoz the Greedy
  7303 | D:7      | Reached XP level 9. HP: 44/57 MP: 16/22
  7527 | D:7      | Reached skill level 10 in Spellcasting
  7642 | D:7      | Found Vihoss's Antique Armour Shop.
  7650 | D:7      | Bought an embroidered hat for 175 gold pieces
  7650 | D:7      | Bought a pair of gloves for 112 gold pieces
  7709 | D:7      | Found Pacveg's Magic Scroll Shoppe.
  8081 | D:7      | Found a staircase to the Ecumenical Temple.
  8368 | D:8      | Found a white marble altar of Elyvilon.
  8809 | D:8      | Reached skill level 11 in Spellcasting
  8843 | D:8      | Noticed a komodo dragon
  8866 | D:7      | Killed a komodo dragon
  9008 | D:8      | Found an iron altar of Okawaru.
  9237 | D:8      | Reached XP level 10. HP: 63/63 MP: 18/25
  9277 | D:8      | Learned a level 3 spell: Vampiric Draining
  9347 | D:8      | Found a staircase to the Lair.
  9981 | D:7      | Bought a scroll of identify for 26 gold pieces
  9981 | D:7      | Bought a scroll of teleportation for 39 gold pieces
  9981 | D:7      | Bought a scroll of enchant armour for 97 gold pieces
  9981 | D:7      | Bought a scroll of remove curse for 39 gold pieces
  9981 | D:7      | Bought a scroll of teleportation for 39 gold pieces
  9981 | D:7      | Bought a scroll of identify for 26 gold pieces
  9981 | D:7      | Bought a scroll of remove curse for 39 gold pieces
  9981 | D:7      | Bought a scroll of fear for 45 gold pieces
  9981 | D:7      | Bought a scroll of amnesia for 45 gold pieces
 10051 | D:9      | Reached skill level 5 in Shields
 10144 | D:9      | Noticed a two-headed ogre
 10165 | D:9      | Noticed a centaur warrior
 10168 | D:9      | Killed a two-headed ogre
 10402 | D:9      | Noticed a centaur warrior
 10417 | D:9      | Killed a centaur warrior
 10417 | D:9      | Reached skill level 12 in Spellcasting
 10434 | D:9      | Killed a centaur warrior
 10732 | D:9      | Noticed a death knight
 10747 | D:9      | HP: 3/63 [death knight/+1 great mace (22)]
 11072 | D:9      | Killed a death knight
 11331 | D:10     | Entered Level 10 of the Dungeon
 11331 | D:10     | Found a staircase to the Orcish Mines.
 11495 | D:10     | Reached XP level 11. HP: 68/68 MP: 22/27
 11655 | D:10     | Reached skill level 1 in Fighting
 11868 | D:10     | You fall into a shaft and drop 1 floor!
 12118 | D:9      | Got a heavily runed marble ring
 12298 | D:9      | Noticed a two-headed ogre
 12317 | D:9      | Killed a two-headed ogre
 12362 | D:9      | Found Wiyhapp's Book Emporium.
 12942 | D:10     | Reached skill level 13 in Spellcasting
 13068 | D:10     | Found a white marble altar of Elyvilon.
 13230 | D:10     | Killed an unseen horror
 13760 | D:11     | Noticed a cyan ugly thing
 13790 | D:11     | Killed a cyan ugly thing
 14129 | D:11     | Noticed a two-headed ogre
 14164 | D:11     | Killed a two-headed ogre
 14318 | D:11     | Noticed a six-headed hydra
 14431 | D:11     | Found an iron altar of Okawaru.
 14453 | D:11     | Noticed a two-headed ogre
 14479 | D:11     | Killed a two-headed ogre
 14704 | D:9      | Bought a book of Frost for 490 gold pieces
 14709 | D:9      | Learned a level 3 spell: Frozen Ramparts
 14712 | D:9      | Learned a level 2 spell: Shroud of Golubria
 14717 | D:9      | Learned a level 4 spell: Hailstorm
 15049 | D:10     | Identified the ring of Atheism {MR+ rCorr Str+2 Int+4} (You
                  | found it on level 9 of the Dungeon)
 15087 | D:11     | Noticed a six-headed hydra
 15102 | D:11     | Killed a six-headed hydra
 15102 | D:11     | Reached skill level 5 in Fighting
 15749 | D:12     | Noticed Psyche
 15767 | D:12     | Killed Psyche
 15832 | D:12     | Reached skill level 14 in Spellcasting
 15832 | D:12     | Reached XP level 12. HP: 68/87 MP: 25/30
 15936 | Orc:1    | Entered Level 1 of the Orcish Mines
 16905 | Orc:1    | Found a roughly hewn altar of Beogh.
 17949 | Orc:2    | Entered Level 2 of the Orcish Mines
 18649 | Orc:2    | Noticed an orc warlord
 18888 | Orc:1    | Killed an orc warlord
 19479 | Orc:2    | Found Fealig's Weapon Emporium.
 19499 | Orc:2    | Reached skill level 15 in Spellcasting
 19510 | Orc:2    | Bought the +4 short sword of the Briny Deep {elec, rElec
                  | rN+} for 685 gold pieces
 19536 | Orc:2    | Found a roughly hewn altar of Beogh.
 19976 | Orc:2    | Found Xaidgh's Armour Shoppe.
 21156 | Orc:2    | Noticed an orc warlord
 21315 | Orc:2    | Mangled by an orc warlord

Illustrated notes

Levels and vault maps discovered:
D:1:      dpeg_arrival_lava_altar, layout_loops_ring, minmay_lizard_king
D:2:      layout_basic, first_ration
D:3:      layout_basic, minmay_shallow_snake_nest, uniq_sigmund
D:4:      cheibrodos_greedy_goblins, layout_basic, lemuel_doored_altar
D:5:      layout_basic, eat_drink_and_be_merry_uskayaw
D:6:      minmay_bubble_buster, layout_basic, grunt_temple_overflow_diamond,
          lightli_ossuary_entry_decrepit_ruins, uniq_grinder
D:7:      layout_loops_ring, minmay_temple_entry_butterflies, serial_shops,
          shop, shop
D:8:      layout_loops_ring, elyvilon_altar_5, david_lair_shrubbed, basic_altar,
          hangedman_pestilent_swarm
D:9:      layout_stronghold, serial_shops, shop,
          minmay_fractal_squares_gapless_7
D:10:     layout_long_grid, orc_david_3, basic_altar
D:11:     layout_roguey, basic_altar, gauntlet_entry_generic,
          hangedman_glass_teeth
D:12:     hangedman_screamer, layout_long_grid, minmay_protected_statue,
          uniq_psyche
Orc:1:    layout_caves, basic_altar, uniq_josephine
Orc:2:    pubby_orc_utopia, serial_shops

Skill      XL: |  1  2  3  4  5  6  7  8  9 10 11 12 |
---------------+-------------------------------------+-----
Conjurations   | 1 2 3 4 5 6 7 8 |  8.7
Spellcasting   | 5 6 7 8 9 11 12 14 15 | 15.3
Armour         | 2 3 |  3.1
Shields        | 2 4 6 8 9 |  9.7
Fighting       | 5 8 |  8.4
Dodging        | |  1.5
Stealth        | |  1.5
Summonings     | |  0.7
Translocations | |  0.7

Action                   |  1- 3 |  4- 6 |  7- 9 | 10-12 || total
-------------------------+-------+-------+-------+-------++-------
Melee: Dagger            |    12 |    87 |   300 |   747 ||  1146
       Short sword       |       |       |       |    62 ||    62
 Fire: Hunting sling     |       |       |     1 |       ||     1
Throw: Dart              |       |    11 |    16 |    45 ||    72
 Cast: Magic Dart        |    76 |    86 |   181 |   348 ||   691
       Mephitic Cloud    |       |    17 |    41 |   177 ||   235
       Blink             |       |       |     6 |    20 ||    26
       Animate Skeleton  |       |       |     1 |       ||     1
       Vampiric Draining |       |       |       |    45 ||    45
       Frozen Ramparts   |       |       |       |     5 ||     5
       Shroud of Golubri |       |       |       |     3 ||     3
       Hailstorm         |       |       |       |    12 ||    12
Invok: Call Merchant     |       |       |       |     1 ||     1
Evoke: Wand              |       |       |    15 |    59 ||    74
  Use: Scroll            |     2 |     2 |    10 |    11 ||    25
 Stab: Sleeping          |     1 |       |       |     4 ||     5
       Confused          |       |     7 |    10 |    58 ||    75
       Paralysed         |       |       |     8 |    20 ||    28
Armor: Robe              |     7 |     8 |       |       ||    15
       Leather armour    |       |     8 |    80 |   191 ||   279
Dodge: Dodged            |    30 |    60 |   133 |   299 ||   522
Block: Buckler           |       |       |    73 |   437 ||   510
       Reflection        |       |       |     4 |    23 ||    27
